 Dungeon Sprint DCSS version 0.24-a0-611-gfb3efd0 (webtiles) character file.

Game seed: 8033351459225242173, levelgen mode: deterministic

11783 Faca the Severer (level 11, -6/122 HPs)
             Began as a Deep Dwarf Fighter on Sept 9, 2019.
             Was the Champion of Makhleb.
             Killed from afar by an ogre mage (36 damage)
             ... with a bolt of cold
             ... in the Dungeon (Sprint IX: "|||||||||||||||||||||||||||||").
             The game lasted 00:06:02 (1096 turns).

Faca the Severer (Deep Dwarf Fighter)               Turns: 1096, Time: 00:06:03

Health: -6/122     AC: 19    Str: 27    XL:     11   Next: 53%
Magic:  17/17      EV:  7    Int:  8    God:    Makhleb [******]
Gold:   1254       SH: 13    Dex: 15    Spells: 10/10 levels left

rFire    . . .     SeeInvis .   t - +3 war axe (chop)
rCold    . . .     Gourm    .   c - +0 shield
rNeg     . . .     Faith    .   s - +0 plate armour
rPois    .         Spirit   .   r - +0 helmet
rElec    .         Reflect  .   p - +0 cloak
rCorr    .         Harm     .   C - +0 pair of gloves
MR       +....     NoTele   +   (no boots)
Stlth    ..........             (no amulet)
HPRegen  0.00/turn              a - +3 ring of strength
MPRegen  0.15/turn              u - +3 ring of dexterity

@: non-regenerating
A: damage resistance, heal wounds, sense surroundings 2, no regeneration
a: Heal Wounds, Minor Destruction, Lesser Servant of Makhleb, Major Destruction,
Greater Servant of Makhleb, Renounce Religion


You were in the Dungeon.
You worshipped Makhleb.
Makhleb was exalted by your worship.
You were not hungry.

You visited 1 branch You collected 1254 gold pieces.

Inventory:

Hand Weapons
 t - a +3 war axe of chopping (weapon)
 w - the +7 sceptre of Torment {pain, torment}
   (You found it in the Dungeon)

   In the hands of one skilled in necromantic magic, it inflicts extra damage on
   living creatures.
 D - a +0 hand axe of flaming
Armour
 c - a +0 shield (worn)
 p - a +0 cloak (worn)
 r - a +0 helmet (worn)
 s - a +0 plate armour (worn)
 C - a +0 pair of gloves (worn)
Jewellery
 a - a +3 ring of strength (left hand)
 u - a +3 ring of dexterity (right hand)
Wands
 o - a wand of acid (10)
Scrolls
 k - 4 scrolls of blinking
 m - 3 scrolls of remove curse
 n - 2 scrolls of amnesia
 x - 2 scrolls of enchant armour
 y - 2 scrolls of fear
 z - 2 scrolls of enchant weapon
 B - a scroll of identify
Potions
 b - a potion of brilliance
 d - 2 potions of might
 e - 6 potions of curing
 g - 2 potions of agility
 h - a potion of haste
 i - 4 potions of magic
 j - a potion of berserk rage
 l - a potion of invisibility
Comestibles
 f - 13 rations
 A - a chunk of flesh


   Skills:
 + Level 15.3 Fighting
 + Level 17.6 Axes
 + Level 11.1 Armour
 + Level 11.1 Shields
 + Level 12.3 Invocations


You had 10 spell levels left.
You didn't know any spells.
Your spell library was empty.

Dungeon Overview and Level Annotations

Branches:
Dungeon (1/1)

Altars:
Cheibriados
Dithmenos
Elyvilon
Fedhas
Gozag
Hepliaklqana
Kikubaaqudgha
Makhleb
Nemelex Xobeh
Okawaru
Qazlal
Ru
Sif Muna
Trog
Uskayaw
Vehumet
Wu Jian
Xom
Yredelemnul
Zin
The Shining One
Beogh
Jiyva
Lugonu

Shops:
D :}


Innate Abilities, Weirdness & Mutations

You are resistant to damage.
You can heal yourself by infusing magical energy.
You passively map the area around you.
You do not regenerate.


Message History

The ogre mage casts a spell at you. The bolt of fire hits you!!
The ogre mage casts a spell at you. The crystal spear hits you!!
Found Zecah's Gadget Shoppe.
Items here: $ ) [ † a +0 spear; a +0 robe; 50 gold pieces; an ogre corpse You barely miss the ogre mage.
The ogre mage points at you and mumbles some strange words.
The bolt of fire hits you!!
* * * LOW HITPOINT WARNING * * *
You dice the ogre mage like an onion!!!
The ogre mage is severely wounded.
The ogre mage hits you with a +0 halberd.
* * * LOW HITPOINT WARNING * * *
Your shield and plate armour prevent you from hitting the ogre mage.
The ogre mage is severely wounded.
The ogre mage gestures at you while chanting.
The bolt of cold hits you!!!
You die...

________________'..|)..[.(')....(
▓▓▓▓▓▓▓▓▓▓▓▓▓▓▓▓▓▓▓▓▓▓▓▓▓▓▓▓▓▓▓▓▓
.................................
▓▓▓▓▓▓▓▓▓▓▓▓▓▓▓▓▓▓▓▓▓▓▓▓▓▓▓▓▓▓▓▓▓
......÷...††.†.†'.†........).'...
▓▓▓▓▓▓▓▓▓▓▓▓▓▓▓▓▓▓▓▓▓▓▓▓▓▓▓▓▓▓▓▓▓
.................................
▓▓▓▓▓▓▓▓▓▓▓▓▓▓▓▓▓▓▓▓▓▓▓▓▓▓▓▓▓▓▓▓▓
).))[))........'@OOOOOOO ∩ , ,,
▓▓▓▓▓▓▓▓▓▓▓▓▓▓▓▓▓▓▓▓▓▓▓▓* * * , ,
,, , , , * * ** * *** ** ** * * *
, , ,, ,, ,, * * * ** ** * , , ,
,,,, ,,,, ,, ,, * * * * ** * ,
,,, , ,,,,,


You could see a two-headed ogre, 2 ogre magi and 4 ogres.

Vanquished Creatures
  An ogre mage (D)
  A hydra (D)
  2 centaur warriors (D)
  A death yak (D)
  An orc high priest (D)
  2 orc knights (D)
  An orc sorcerer (D)
  An ugly thing (D)
  8 elephants (D)
  A spiny frog (D)
  3 komodo dragons (D)
  2 hippogriffs (D)
  2 yaks (D)
  A porcupine (D)
  3 water moccasins (D)
  9 orc warriors (D)
  2 centaurs (D)
  2 crocodiles (D)
  2 bullfrogs (D)
  2 jellies (D)
  A crimson imp (D)
  2 orc wizards (D)
  4 orc priests (D)
  A worker ant (D)
  An adder (D)
  A shadow imp (D)
  7 orcs (D)
  2 bat skeletons (D)
  A goblin (D)
  A hobgoblin (D)
  A jackal (D)
  2 frilled lizards (D)
  A kobold (D)
  A rat (D)
73 creatures vanquished.

Vanquished Creatures (others)
  A vampire (D)
1 creature vanquished.

Grand Total: 74 creatures vanquished

Notes
Turn   | Place    | Note
-------+----------+-------------------------------------------
     0 | D        | Faca the Deep Dwarf Fighter began the quest for the Orb.
     0 | D        | Reached XP level 1. HP: 20/20 MP: 1/1
    18 | D        | Reached skill level 3 in Axes
    31 | D        | Noticed a centaur
    31 | D        | Noticed a jelly
    40 | D        | Killed a centaur
    40 | D        | Reached skill level 6 in Axes
    40 | D        | Reached XP level 2. HP: 23/33 MP: 2/2
    40 | D        | Reached XP level 3. HP: 28/40 MP: 3/3
    40 | D        | Reached XP level 4. HP: 34/48 MP: 4/4
    53 | D        | Reached skill level 7 in Axes
    61 | D        | Found a roughly hewn altar of Beogh.
    61 | D        | Found a snail-covered altar of Cheibriados.
    61 | D        | Found a shadowy altar of Dithmenos.
    61 | D        | Found a white marble altar of Elyvilon.
    61 | D        | Found a blossoming altar of Fedhas.
    61 | D        | Found an opulent altar of Gozag.
    62 | D        | Found a hazy altar of Hepliaklqana.
    63 | D        | Found a viscous altar of Jiyva.
    64 | D        | Found an ancient bone altar of Kikubaaqudgha.
    65 | D        | Found a corrupted altar of Lugonu.
    66 | D        | Found a burning altar of Makhleb.
    67 | D        | Found a sparkling altar of Nemelex Xobeh.
    68 | D        | Found an iron altar of Okawaru.
    69 | D        | Found a stormy altar of Qazlal.
    70 | D        | Found a sacrificial altar of Ru.
    71 | D        | Found a shimmering blue altar of Sif Muna.
    72 | D        | Found a bloodstained altar of Trog.
    73 | D        | Found a hide-covered altar of Uskayaw.
    74 | D        | Became a worshipper of Makhleb the Destroyer
    75 | D        | Found a radiant altar of Vehumet.
    76 | D        | Found an ornate altar of the Wu Jian Council.
    77 | D        | Found a shimmering altar of Xom.
    78 | D        | Found a basalt altar of Yredelemnul.
    79 | D        | Found a glowing silver altar of Zin.
    80 | D        | Found a glowing golden altar of the Shining One.
    89 | D        | Found the +8 autumn katana {slice, Clar}
   145 | D        | Noticed a centaur
   151 | D        | Reached skill level 8 in Axes
   154 | D        | Killed a centaur
   154 | D        | Reached * piety under Makhleb
   154 | D        | Reached skill level 9 in Axes
   154 | D        | Reached XP level 5. HP: 28/58 MP: 5/5
   157 | D        | Reached ** piety under Makhleb
   266 | D        | Noticed a brown ugly thing
   266 | D        | Noticed a centaur warrior
   266 | D        | Noticed a vampire
   266 | D        | Noticed a centaur warrior
   277 | D        | Killed a brown ugly thing
   277 | D        | Reached skill level 10 in Fighting
   277 | D        | Reached skill level 12 in Axes
   277 | D        | Reached XP level 6. HP: 31/73 MP: 6/6
   277 | D        | Reached XP level 7. HP: 34/80 MP: 7/7
   297 | D        | Killed a centaur warrior
   297 | D        | Reached skill level 13 in Axes
   297 | D        | Reached XP level 8. HP: 64/91 MP: 8/8
   309 | D        | Killed a centaur warrior
   309 | D        | Reached skill level 14 in Axes
   311 | D        | Reached *** piety under Makhleb
   311 | D        | Reached skill level 15 in Axes
   327 | D        | Gained mutation: You passively map the area around you.
                  | [Deep Dwarf growth]
   327 | D        | Reached XP level 9. HP: 64/102 MP: 9/9
   416 | D        | Found the +7 sceptre of Torment {pain, torment}
   442 | D        | Noticed a komodo dragon
   448 | D        | Noticed a komodo dragon
   449 | D        | Reached skill level 1 in Invocations
   454 | D        | Reached **** piety under Makhleb
   466 | D        | Killed a komodo dragon
   466 | D        | Reached skill level 5 in Armour
   466 | D        | Reached skill level 5 in Shields
   472 | D        | Killed a komodo dragon
   472 | D        | Reached skill level 5 in Invocations
   479 | D        | Reached ***** piety under Makhleb
   503 | D        | Noticed a spiny frog
   503 | D        | Noticed a komodo dragon
   509 | D        | Killed a spiny frog
   510 | D        | Noticed a five-headed hydra
   515 | D        | Noticed a death yak
   523 | D        | Reached XP level 10. HP: 111/111 MP: 13/15
   536 | D        | Killed a five-headed hydra
   536 | D        | Reached skill level 16 in Axes
   542 | D        | Killed a death yak
   549 | D        | Reached ****** piety under Makhleb
   664 | D        | Noticed an elephant
   664 | D        | Noticed an elephant
   664 | D        | Noticed an elephant
   664 | D        | Noticed an elephant
   664 | D        | Noticed an elephant
   664 | D        | Noticed an elephant
   668 | D        | Killed an elephant
   672 | D        | Noticed an elephant
   675 | D        | Killed an elephant
   681 | D        | Killed an elephant
   696 | D        | Killed an elephant
   696 | D        | Reached skill level 10 in Invocations
   705 | D        | Killed an elephant
   708 | D        | Killed an elephant
   716 | D        | Killed an elephant
   716 | D        | Reached XP level 11. HP: 121/121 MP: 17/17
   851 | D        | Noticed an orc sorcerer
   853 | D        | Reached skill level 17 in Axes
   859 | D        | Noticed a soul eater
   882 | D        | Killed an orc sorcerer
   882 | D        | Reached skill level 10 in Armour
   882 | D        | Reached skill level 10 in Shields
   944 | D        | Noticed an orc knight
   944 | D        | Noticed an orc high priest
   952 | D        | Noticed a soul eater
   961 | D        | HP: 3/121 [orc warrior/+0 trident (27)]
   965 | D        | Killed an orc knight
   966 | D        | Noticed an orc knight
   977 | D        | Reached skill level 15 in Fighting
   986 | D        | Killed an orc high priest
  1003 | D        | Killed an orc knight
  1083 | D        | Found Soihaado's Book Emporium.
  1083 | D        | Noticed an ogre mage
  1083 | D        | Noticed an ogre mage
  1083 | D        | Noticed a two-headed ogre
  1091 | D        | Noticed an ogre mage
  1092 | D        | Killed an ogre mage
  1093 | D        | Found Zecah's Gadget Shoppe.
  1096 | D        | Killed from afar by an ogre mage

Levels and vault maps discovered:
D:        linesprint [early_d, line_temple, items_1, d_10, items_2, lair_1,
          lair_end, items_3, orc_1, orc_end, items_4, d_15, swamp_1, shoals_1,
          snake_1, spider_1, d_20, vaults_1, items_5, swamp_end, shoals_end,
          snake_end, spider_end, vaults_end, d_27, items_6, zot_1, zot_end,
          crypt_end, forest_end, elf_end, slime_end, tomb_end, abyss_end,
          pan_hell_end]

Skill      XL: |  1  2  3  4  5  6  7  8  9 10 11 |
---------------+----------------------------------+-----
Fighting       | 6 8 10 12 13 14 15 | 15.3
Axes           | 6 9 12 13 15 16 17 | 17.6
Invocations    | 6 10 12 | 12.3
Armour         | 6 9 11 | 11.1
Shields        | 6 9 11 | 11.1

Action                   |  1- 3 |  4- 6 |  7- 9 | 10-12 || total
-------------------------+-------+-------+-------+-------++-------
Melee: War axe           |    29 |    35 |   100 |   180 ||   344
       Morningstar       |       |       |       |    15 ||    15
Invok: Major Destruction |       |       |       |     2 ||     2
 Abil: Heal Wounds       |       |       |     2 |     7 ||     9
  Use: Potion            |       |     2 |     1 |     2 ||     5
  Eat: Chunk             |       |       |       |     1 ||     1
Armor: Scale mail        |    10 |     5 |       |       ||    15
       Chain mail        |       |     8 |    35 |    41 ||    84
       Plate armour      |       |       |       |     3 ||     3
Dodge: Dodged            |     8 |     9 |    16 |    26 ||    59
Block: Shield            |    17 |    12 |    38 |    74 ||   141

Table legend:
 A = Non-vault XP
 B = Vault XP
 C = Vault XP percentage of total XP
 D = Non-vault monster count
 E = Vault monster count
 F = Vault count percentage of total count
                 A         B        C        D         E       F
            +---------+---------+-------+---------+---------+-------
      Total |       0 |   16833 | 100.0 |       0 |      73 | 100.0
            +---------+---------+-------+---------+---------+-------
          D |       0 |   16833 | 100.0 |       0 |      73 | 100.0
            +---------+---------+-------+---------+---------+-------
